AoeStats
← maimadana

Arena

509076797Analyzed
1v1 RM · 8d ago on Sep 25, 2026· 51m 40s· 2 players
Game mode
Random Map
Map size
Tiny (2 player)
Population
200
Speed
Normal
Resources
Standard
Victory
Conquest
Starting age
Dark Age
Ending age
Imperial Age
RankedLock teamsTeams togetherTeam positionsShared explorationLock speedFull tech treeHidden civsTurbo modeCheats
Victory
Defeat
🇨🇳 Persians · China
803
+15
🇨🇿 Byzantines · Czechia
782
-32
maimadana
7:41 Loom
11:03 Feudal Age
11:29 Double-Bit Axe
11:27 Horse Collar
14:25 Gold Mining
20:02 Castle Age
18:10 Stone Mining
18:22 Fletching
18:33 Padded Archer Armor
21:47 Wheelbarrow
23:08 Crossbowman
24:29 Bodkin Arrow
24:50 Leather Archer Armor
25:09 Thumb Ring
26:21 Pikeman
32:26 Imperial Age
30:58 Hand Cart
32:35 Heavy Plow
33:15 Gold Shaft Mining
33:40 Scale Mail Armor
34:38 Arbalester
37:12 Chemistry
36:24 Elite Skirmisher
37:42 Halberdier
38:40 Bracer
40:04 Ballistics
40:44 Chain Mail Armor
44:33 Ring Archer Armor
46:53 Squires
50:47 Plate Mail Armor
50:32 Forging
你年迈的父亲
0:39 Loom
2:12 Loom
13:00 Feudal Age
15:26 Wheelbarrow
14:35 Horse Collar
14:46 Double-Bit Axe
14:57 Gold Mining
15:29 Stone Mining
18:07 Castle Age
21:14 Bow Saw
22:49 Hand Cart
23:43 Heavy Plow
26:39 Gold Shaft Mining
26:46 Devotion
28:00 Kamandaran
27:57 Fletching
28:08 Padded Archer Armor
28:19 Forging
29:57 Bodkin Arrow
30:18 Leather Archer Armor
30:21 Thumb Ring
29:37 Crossbowman
35:02 Imperial Age
32:20 Town Watch
33:35 Bloodlines
33:25 Husbandry
34:04 Iron Casting
33:35 Scale Barding Armor
35:32 Ballistics
35:48 Conscription
36:25 Ring Archer Armor
37:26 Two-Man Saw
37:46 Masonry
38:37 Chemistry
38:46 Hoardings
38:46 Chain Barding Armor
39:23 Architecture
38:23 Elite War Elephant
41:52 Plate Barding Armor
42:45 Crop Rotation
45:16 Blast Furnace
Connection lost

Rejoining the realm…

Still unreachable

The connection could not be restored.

Session expired

The server has moved on; the page needs a fresh start.